 Dungeon Crawl Stone Soup version 0.32-a0-350-g4f4d228785 (webtiles) character file.

Game seed: 4500996930206711900

1886351 jboons the Fire Dragon (level 27, 145/238 HPs)
             Began as a Red Draconian Alchemist on Feb 15, 2024.
             Was the Champion of Fedhas.
             Escaped with the Orb
             ... and 4 runes on Feb 18, 2024!
             The game lasted 06:30:25 (108054 turns).

jboons the Fire Dragon (Red Draconian Alchemist)  Turns: 108054, Time: 06:30:26

Health: 145/238    AC: 20    Str: 15      XL:     27
Magic:  46/46      EV: 22    Int: 33 (34) God:    Fedhas [******]
Gold:   6509       SH: 17    Dex: 24      Spells: 5/64 levels left

rFire   + + .        a - +8 trishula "Condemnation" {holy, anguish, *Noise Fly rN+}
rCold   + . .        P - +3 kite shield {rF+}
rNeg    + . .        (body armour unavailable)
rPois   +            (helmet restricted)
rElec   +            n - scarf "Qohyexos" {+Inv, Int+8 Dex+3 Stlth-}
rCorr   .            Q - +2 pair of gloves {Str+3}
SInv    .            U - +2 pair of boots
Will    ++...        G - amulet of magic regeneration
Stlth   +            u - ring "Talisch" {rElec rPois Dex+2}
HPRegen 0.59/turn    i - ring "Daunkaej" {Wiz rC+ Dex+5}
MPRegen 0.70/turn

%: wizardry (x1)
@: flying, studying Long Blades
A: breathe fire, AC +13, unfitting armour, fire resistance 1, cold-blooded,
deterioration 1, robust 1, shaggy fur 1
0: Orb of Zot
}: 4/15 runes: serpentine, barnacled, slimy, silver
a: Breathe Fire, Renounce Religion, Evoke Invisibility, Wall of Briars, Grow
Ballistomycete, Overgrow, Grow Oklob


You escaped.
You worshipped Fedhas.
Fedhas was exalted by your worship.
You visited 12 branches of the dungeon, and saw 56 of its levels.
You also visited: Bailey, Gauntlet, Ice Cave, Wizlab and Desolation.

You collected 9622 gold pieces.
You spent 3113 gold pieces at shops.

Inventory:

Hand Weapons
 a - the +8 trishula "Condemnation" (weapon) {holy, anguish, *Noise Fly rN+}
   (You took it off a minotaur in a Gauntlet)

   rN+:       It protects you from negative energy.
   Fly:       It grants you flight.
   *Noise:    It may make a loud noise when swung.
 b - the +4 falchion of the Six Leylines {elec, rC+ Will+ Int+2}
   (You found it on level 5 of the Lair of Beasts)

   Int+2:     It affects your intelligence (+2).
   rC+:       It protects you from cold.
   Will+:     It increases your willpower.
Missiles
 v - a throwing net
Armour
 d - a +5 kite shield of cold resistance
 n - the scarf "Qohyexos" (worn) {+Inv, Int+8 Dex+3 Stlth-}
   (You acquired it on level 4 of the Realm of Zot)

   Int+8:     It affects your intelligence (+8).
   Dex+3:     It affects your dexterity (+3).
   Stlth-:    It makes you less stealthy.
 P - a +3 kite shield of fire resistance (worn)
 Q - a +2 pair of gloves of strength (worn)
 U - a +2 pair of boots (worn)
Jewellery
 i - the ring "Daunkaej" (right hand) {Wiz rC+ Dex+5}
   (You acquired it on level 5 of the Pits of Slime)

   [ring of wizardry]

   Wiz:       It improves your spell success rate.
   Dex+5:     It affects your dexterity (+5).
   rC+:       It protects you from cold.
 j - a ring of see invisible
 u - the ring "Talisch" (left hand) {rElec rPois Dex+2}
   (You found it in a Gauntlet)

   [ring of poison resistance]

   Dex+2:     It affects your dexterity (+2).
   rElec:     It insulates you from electricity.
   rPois:     It protects you from poison
 G - an amulet of magic regeneration (around neck)
 O - the ring of Vixapn {rC+ Int+6 Dex+2}
   (You took it off an imperial myrmidon in the Desolation of Salt)

   [ring of protection from cold]

   Int+6:     It affects your intelligence (+6).
   Dex+2:     It affects your dexterity (+2).
   rC+:       It protects you from cold.
 R - the ring of Ibapn {*Corrode rF+ Will+ Int+3 Dex+6}
   (You found it in a wizard's laboratory)

   [ring of dexterity]

   Int+3:     It affects your intelligence (+3).
   Dex+6:     It affects your dexterity (+6).
   rF+:       It protects you from fire.
   Will+:     It increases your willpower.
   *Corrode:  It may corrode you when you take damage.
Wands
 l - a wand of mindburst (53)
 t - a wand of paralysis (44)
 w - a wand of flame (132)
 C - a wand of acid (43)
 F - a wand of polymorph (36)
 H - a wand of iceblast (25)
 V - a wand of digging (21)
Scrolls
 e - 5 scrolls of amnesia
 g - 11 scrolls of vulnerability
 h - 10 scrolls of immolation
 o - a scroll of torment
 p - 12 scrolls of fear
 x - 11 scrolls of teleportation
 y - a scroll of revelation
 z - 8 scrolls of fog
 L - 17 scrolls of poison
 M - 5 scrolls of silence
 N - 6 scrolls of blinking
 W - 11 scrolls of noise
 Y - 5 scrolls of butterflies
Potions
 c - 12 potions of attraction
 k - 2 potions of heal wounds
 m - 20 potions of mutation
 q - 11 potions of might
 r - 2 potions of ambrosia
 s - a potion of haste
 A - 14 potions of lignification
 B - 19 potions of curing
 E - 6 potions of berserk rage
 I - 11 potions of enlightenment
 J - 9 potions of brilliance
 X - 3 potions of invisibility
Miscellaneous
 K - a tin of tremorstones (2/2)
 S - a lightning rod (4/4)
 T - a phantom mirror
 Z - a sack of spiders


   Skills:
 + Level 12.5 Fighting
 - Level 14.0 Polearms
 + Level 12.3 Dodging
 - Level 1.7 Stealth
 - Level 12.0 Shields
 - Level 19.0 Spellcasting
 - Level 24.0 Conjurations
 - Level 8.0 Hexes
 - Level 7.0 Summonings
 - Level 9.0 Necromancy
 O Level 27 Fire Magic
 - Level 5.0 Air Magic
 - Level 16.0 Earth Magic
 - Level 10.0 Alchemy
 - Level 16.0 Invocations
 - Level 10.0 Evocations


You had 5 spell levels left.
You knew the following spells:

 Your Spells              Type           Power      Damage    Failure   Level
a - Lehudib's Crystal Sp  Conj/Erth      52%        10d12     1%          8
b - Fire Storm            Conj/Fire      57%        8d15      2%          9
c - Borgnjor's Vile Clut  Necr/Erth      42%        N/A       1%          5
d - Sticky Flame          Fire/Alch      100%       2d15      0%          4
e - Lee's Rapid Deconstr  Erth           47%        3d23*     1%          5
f - Yara's Violent Unrav  Hex/Alch       37%        3d15      1%          5
g - Ignition              Fire           59%        3d16      1%          8
i - Ignite Poison         Fire/Alch      100%       N/A       0%          4
o - Olgreb's Toxic Radia  Alch           77%        N/A       1%          4
s - Spellforged Servitor  Conj/Summ      46%        N/A       1%          7

Your spell library contained the following spells:

 Spells                   Type           Power      Damage    Failure   Level
 Foxfire                  Conj/Fire      100%       2x1d9     0%          1
 Kiss of Death            Conj/Necr      100%       2d13      0%          1
 Magic Dart               Conj           100%       1d8       0%          1
 Shock                    Conj/Air       100%       1d9       0%          1
 Sting                    Conj/Alch      100%       1d9       0%          1
 Scorch                   Fire           100%       2d9       0%          2
 Static Discharge         Conj/Air       100%       3-8/arc   0%          2
 Dazzling Flash           Conj/Hex       100%       N/A       0%          3
 Inner Flame              Hex/Fire       98%        N/A       0%          3
 Stone Arrow              Conj/Erth      100%       3d13      0%          3
 Flame Wave               Conj/Fire      100%       2d21      0%          4
 Fulminant Prism          Conj/Alch      48%        3d20      0%          4
 Summon Blazeheart Golem  Fire/Summ      97%        N/A       0%          4
 Fireball                 Conj/Fire      57%        3d22      0%          5
 Freeze                   Ice            100%       1d10      1%          1
 Necrotise                Necr           100%       1d9       1%          1
 Summon Small Mammal      Summ           100%       N/A       1%          1
 Blink                    Tloc           62%        N/A       1%          2
 Call Imp                 Summ           100%       N/A       1%          2
 Cigotuvi's Dreadful Rot  Necr/Alch/Air  100%       N/A       1%          2
 Ensorcelled Hibernation  Hex/Ice        100%       N/A       1%          2
 Jinxbite                 Hex            100%       N/A       1%          2
 Lesser Beckoning         Tloc           62%        N/A       1%          2
 Mercury Vapours          Alch/Air       100%       N/A       1%          2
 Momentum Strike          Conj/Tloc      100%       3d10      1%          2
 Sublimation of Blood     Necr           74%        N/A       1%          2
 Call Canine Familiar     Summ           67%        N/A       1%          3
 Fugue of the Fallen      Necr           74%        N/A       1%          3
 Hailstorm                Conj/Ice       84%        3d14      1%          3
 Mephitic Cloud           Conj/Alch/Air  87%        N/A       1%          3
 Summon Ice Beast         Ice/Summ       53%        N/A       1%          3
 Tukima's Dance           Hex            71%        N/A       1%          3
 Vampiric Draining        Necr           74%        2d11      1%          3
 Volatile Blastmotes      Fire/Tloc      100%       2d18      1%          3
 Airstrike                Air            29%        2d(5-21)  1%          4
 Anguish                  Hex/Necr       36%        N/A       1%          4
 Animate Dead             Necr           74%        N/A       1%          4
 Cause Fear               Hex            35%        N/A       1%          4
 Dimensional Bullseye     Hex/Tloc       27%        N/A       1%          4
 Iskenderun's Mystic Bla  Conj/Tloc      84%        2d17      1%          4
 Leda's Liquefaction      Alch/Erth      43%        N/A       1%          4
 Martyr's Knell           Necr/Summ      71%        N/A       1%          4
 Petrify                  Alch/Erth      87%        N/A       1%          4
 Summon Lightning Spire   Summ/Air       63%        N/A       1%          4
 Alistair's Intoxication  Alch           51%        N/A       1%          5
 Arcjolt                  Conj/Air       45%        1d55      1%          5
 Curse of Agony           Necr           74%        N/A       1%          5
 Freezing Cloud           Conj/Ice/Air   38%        6-21      1%          5
 Irradiate                Conj/Alch      48%        3d27      1%          5
 Silence                  Hex/Air        32%        N/A       1%          5
 Frozen Ramparts          Ice            62%        1d10      2%          3
 Gell's Gravitas          Tloc           31%        N/A       2%          3
 Ozocubu's Armour         Ice            31%        N/A       2%          3
 Teleport Other           Tloc           31%        N/A       2%          3
 Vhi's Electric Charge    Tloc/Air       94%        N/A       3%          4
 Metabolic Englaciation   Hex/Ice        27%        N/A       4%          5
 Summon Forest            Summ/Tloc      26%        N/A       6%          5
 Manifold Assault         Tloc           31%        N/A       9%          4
 Passage of Golubria      Tloc           31%        N/A       9%          4
 Starburst                Conj/Fire      57%        6d15      0%          6
 Bombard                  Conj/Erth      52%        9d9       1%          6
 Conjure Ball Lightning   Conj/Air       45%        3x3d16    1%          6
 Eringya's Noxious Bog    Alch           38%        4d6       2%          6
 Death Channel            Necr           37%        N/A       3%          6
 Summon Cactus Giant      Summ           33%        N/A       9%          6
 Sculpt Simulacrum        Ice/Alch       29%        N/A       17%         6
 Enfeeble                 Hex            35%        N/A       28%         7
 Haunt                    Necr/Summ      35%        N/A       28%         7
 Monstrous Menagerie      Summ           33%        N/A       38%         7
 Shatter                  Erth           47%        3d36*     75%         9
 Dispersal                Tloc           15%        N/A       77%         6
 Borgnjor's Revivificati  Necr           37%        N/A       80%         8
 Infestation              Necr           37%        N/A       80%         8
 Discord                  Hex            35%        N/A       89%         8
 Chain Lightning          Conj/Air       45%        3d60      91%         9
 Summon Horrible Things   Summ           33%        N/A       96%         8
 Ozocubu's Refrigeration  Ice            15%        4d10      99%         7
 Maxwell's Capacitive Co  Air            29%        ∞         99%         8
 Disjunction              Tloc           15%        N/A       100%        8
 Death's Door             Necr           37%        N/A       100%        9
 Dragon's Call            Summ           33%        N/A       100%        9
 Polar Vortex             Ice            15%        12d2*     100%        9
 Animate Armour           Summ/Erth      Unusable   N/A       N/A         4

Dungeon Overview and Level Annotations

Branches:
Dungeon (15/15)            Temple (1/1) D:5            Lair (5/5) D:10
 Shoals (4/4) Lair:3        Snake (4/4) Lair:2        Slime (5/5) Lair:4
    Orc (2/2) D:12            Elf (3/3) Orc:2        Vaults (5/5) D:13
  Crypt (3/3) Vaults:3       Tomb (0/3) Crypt:3      Depths (4/4) D:15
    Zot (5/5) Depths:4     Bailey (visited)           IceCv (visited)
 WizLab (visited)         Desolation (visited)      Gauntlet (visited)

Altars:
Ashenzari
Cheibriados
Dithmenos
Elyvilon
Fedhas
Gozag
Hepliaklqana
Kikubaaqudgha
Makhleb
Nemelex Xobeh
Okawaru
Qazlal
Ru
Sif Muna
Trog
Uskayaw
Vehumet
Wu Jian
Xom
Yredelemnul
Zin
The Shining One
Beogh
Jiyva

Shops:
D:1 (   D:6 !   D:9 (   D:10 [   D:14 ?   D:15 :   Orc:1 (   Orc:2 [:(*
Elf:1 =   Snake:1 *   Snake:4 ((   Vaults:1 :   Vaults:2 (:   Vaults:5 !

Portals:
Hell: Lair:5 Depths:1 Depths:2 Depths:3 Depths:4
Abyss: Depths:3
Pandemonium: Depths:1 Depths:2
Ziggurat: Depths:4

Annotations:
D:15 2 runed translucent doors, Hehag's ghost, journeyman MiBe
Elf:2 3 runed translucent doors
Elf:3 2 transporters, Zeothysh's ghost, veteran FoEE
Vaults:2 2 transporters


Innate Abilities, Weirdness & Mutations

You can breathe blasts of fire.
Your fiery red scales are hard. (AC +13)
You cannot fit into any form of body armour.
Your flesh is heat resistant. (rF+)
You are cold-blooded and may be slowed by cold attacks.
Your body sometimes deteriorates upon taking damage.
You are robust. (+10% HP)
You are covered in fur. (AC +1)


Message History

The angel hits you but does no damage.
Casting: Lehudib's Crystal Spear (mildly dangerous; 1% risk of failure)
Confirm with . or Enter, or press ? or * to list all spells.
Aiming: Lehudib's Crystal Spear (mildly dangerous; 1% risk of failure)
Press: ? - help, Shift-Dir - straight line, f/p - angel
Aim: an angel, wielding a +1 whip of holy wrath and wearing a +0 robe (severely wounded, haloed, 61% to hit)
The crystal spear hits the angel!!!
You kill the angel!
Fedhas accepts your kill.
There is a stone staircase leading up here.
You fly upwards.
There is a stone staircase leading down here.
What level of the Dungeon? (default 5, ? - help) Magic restored.
You see here a +0 hand axe.
You see here a jackal skeleton.
There is a stone staircase leading up, spattered with blood here.
You fly upwards.
There is a stone staircase leading down here.
There is a stone staircase leading up here.
You fly upwards.
There is a stone staircase leading down here.
You see here an adder skeleton.
HP restored.
You see here a rat skeleton.
There is a stone staircase leading up here.
You fly upwards.
There is a stone staircase leading down here.
A Brimstone Fiend comes into view.
Casting: Lehudib's Crystal Spear (mildly dangerous; 1% risk of failure)
Confirm with . or Enter, or press ? or * to list all spells.
You can't see any susceptible monsters within range! (Use Z to cast anyway.)
The Brimstone Fiend moves out of view.
The Brimstone Fiend gestures at you.
The sphere of damnation explodes!
The damnation engulfs you!!!
Your body deteriorates!
You feel dopey.
There is a staircase leading out of the dungeon here.
The Brimstone Fiend gestures at you.
The sphere of damnation explodes!
The damnation engulfs you!!!
You have escaped!

#≈≈≈≈≈≈§§≈§≈§#.# #.....#
#≈≈≈≈≈≈≈≈≈≈....# #.....#
#≈≈§≈≈§§§≈≈..#.# #.....#
#≈§≈≈≈§≈≈≈≈..#.# #.....#
#§§≈≈≈§§≈.§....# #.....#
#≈§§§≈≈≈...#.#.# #.....#
#§≈≈.......###.# #......
#§......##.# #.#########.#
#§......#@.# #........##.#
#§.........########(...÷.#
##########..#######....###
#........'...##
#.########...####
#.#...........∩..
######.1....>.........
#......#.#1..#........
#.####.#.#.#.#.#.#####


You could see a Brimstone Fiend.

Vanquished Creatures
  the Royal Jelly (Slime:5)
  5 dread liches
  4 ancient liches
  5 orbs of fire
  A juggernaut (Depths:4)
  Boris (twice) (Crypt:1 Crypt:2)
  Sojobo (Crypt:3)
  A shard shrike (Depths:3)
  A curse toe (Zot:5)
  2 Killer Klowns (Zot:5)
  Saint Roka (Elf:3)
  7 golden dragons
  A profane servitor (Crypt:3)
  Norris (Elf:1)
  A mutant beast (WizLab)
  2 bone dragons
  An electric golem (Zot:5)
  A doom hound (Zot:2)
  10 tentacled monstrosities
  An Ice Fiend (D:15)
  A shard shrike skeleton (Crypt:3)
  A walking earthen tome (Depths:3)
  15 Orb Guardians (Zot:5)
  12 titans
  2 deep elf master archers (Elf:3)
  6 liches
  2 walking divine tomes
  2 deep elf blademasters (Elf:3)
  A walking frostbound tome (Depths:3)
  17 acid blobs
  Grunn (Zot:2)
  4 quicksilver dragons
  3 krakens (Shoals:3)
  9 sphinxes
  5 shadow dragons
  4 death cobs
  11 tengu reavers
  6 ancient champions
  Aizul (Shoals:1)
  3 nagarajas (Snake:4)
  15 azure jellies
  3 revenants
  10 rockslimes
  13 storm dragons
  3 fenstrider witches (Depths:3)
  A draconian monk (Zot:1)
  Donald (Snake:1)
  7 frost giants
  3 protean progenitors
  15 vault wardens
  3 draconian scorchers
  4 draconian knights
  3 imperial myrmidons (Desolation)
  10 fire giants
  A shard shrike simulacrum (Crypt:3)
  Louise (Shoals:1)
  3 deep elf sorcerers
  An angel (D:5)
  2 ghost moths
  7 draconian shifters
  3 deep elf elementalists (Elf:3)
  10 ghouls
  A reaper (Depths:2)
  5 orc warlords
  20 very ugly things
  A spriggan defender (Depths:2)
  8 quicksilver oozes
  22 stone giants
  6 draconian annihilators
  11 ironbound preservers
  13 ironbound thunderhulks
  7 vampire knights
  3 green draconians
  11 black draconians
  4 formless jellyfish
  9 deep elf demonologists
  7 purple draconians
  A minotaur (Gauntlet)
  4 yellow draconians
  14 deep elf death magi
  5 war gargoyles
  10 dire elephants
  9 white draconians
  8 deep elf annihilators
  11 spark wasps
  6 red draconians
  The ghost of jamsaran the Covert, a journeyman DgFE (Lair:2)
  5 crystal guardians
  3 fire dragons
  4 eidola
  Snorg (D:11)
  5 merfolk javelineers
  3 blizzard demons
  2 mummy priests (Crypt:3)
  16 ettins
  Josephine (Lair:4)
  8 merfolk impalers
  18 jiangshi
  9 yaktaur captains
  10 deep elf high priests
  6 ragged hierophants (Desolation)
  9 servants of whispers (Desolation)
  A spriggan zombie (Crypt:3)
  6 rakshasas
  Fannar (Lair:1)
  A juggernaut simulacrum (Crypt:3)
  A spriggan skeleton (Crypt:1)
  25 vault guards
  10 hydras
  5 ice dragons
  A salamander tyrant (Snake:3)
  A catoblepas (Lair:3)
  5 spriggan air magi
  10 great orbs of eyes
  9 ogre magi
  Erolcha (D:13)
  An Orb Guardian zombie (Crypt:1)
  6 ironbound frosthearts
  13 peacekeepers
  6 radroaches
  2 alligator snapping turtles
  A merfolk avatar (Shoals:3)
  8 naga warriors
  8 anacondas
  A death knight (Crypt:3)
  8 merfolk aquamancers
  5 boulder beetles
  18 dancing weapons
  3 deep troll shamans
  2 two-headed ogres (shapeshifter) (WizLab)
  2 satyrs (Shoals:3)
  9 tengu warriors
  34 two-headed ogres
  11 centaur warriors
  23 death yaks
  7 vampire magi
  5 deep troll earth magi
  2 orc high priests
  10 shock serpents
  A spriggan berserker (Depths:4)
  A hell knight (Vaults:4)
  5 occultists
  10 naga sharpshooters
  14 deep elf knights
  3 soul eaters
  3 sun demons
  14 skysharks
  2 salamander mystics
  A storm dragon zombie (Crypt:3)
  3 iron trolls
  28 skeletal warriors
  A sixfirhy (Lair:5)
  3 shadow wraiths
  An anaconda zombie (Crypt:2)
  9 arcanists
  6 mana vipers
  35 deep trolls
  4 flayed ghosts
  9 sea snakes
  A skyshark (shapeshifter) (WizLab)
  A deep troll (shapeshifter) (Vaults:5)
  An iron giant zombie (Crypt:2)
  A mana viper (shapeshifter) (Vaults:5)
  A sun moth (shapeshifter) (WizLab)
  2 obsidian statues
  6 naga ritualists
  17 orc knights
  25 harpies
  15 lindwurms
  25 deep elf pyromancers
  7 large abominations (WizLab)
  9 necromancers
  25 deep elf archers
  3 bog bodies (Crypt:2)
  33 ironbound convokers
  41 deep elf zephyrmancers
  8 phantasmal warriors
  3 orc sorcerers
  2 stone giant zombies (Vaults:2)
  A faun (shapeshifter) (WizLab)
  43 ugly things
  A worldbinder (Gauntlet)
  A shining eye (Slime:3)
  Maurice (D:8)
  A sphinx simulacrum (Depths:3)
  A wolf spider (D:15)
  10 cyclopes
  10 fauns
  2 shining eyes (shapeshifter) (Vaults:5)
  An eleionoma skeleton (Crypt:3)
  11 salamanders
  12 manticores
  2 kobold blastminers (Orc:1)
  28 black mambas
  2 meliai (D:10)
  27 moths of wrath
  A centaur zombie (Crypt:3)
  17 elephants
  A guardian serpent (shapeshifter) (Vaults:5)
  An eleionoma zombie (Crypt:3)
  8 guardian serpents
  15 naga magi
  8 merfolk sirens (Shoals:3)
  An alligator snapping turtle zombie (Crypt:2)
  A stone giant skeleton (Crypt:2)
  A water nymph (shapeshifter) (WizLab)
  A dire elephant zombie (Crypt:3)
  3 ice statues (IceCv)
  19 vault sentinels
  2 water nymphs (Shoals:4)
  A smoke demon (Lair:5)
  3 gargoyles
  2 frost giant skeletons (Crypt:1)
  2 eyes of devastation (shapeshifter) (WizLab)
  2 orange demons
  2 torpor snails
  A naga skeleton (Crypt:3)
  A grey draconian zombie (Crypt:3)
  8 cane toads
  A centaur skeleton (Crypt:1)
  Jeremiah (D:6)
  An unseen horror (D:10)
  An unseen horror zombie (Crypt:2)
  36 yaktaurs
  8 tengu conjurers
  3 efreet
  9 freezing wraiths
  A red draconian skeleton (Crypt:2)
  3 rime drakes (Lair:5)
  7 komodo dragons
  3 ice devils (Lair:5)
  A human zombie (Vaults:2)
  2 pale draconian skeletons
  An anaconda simulacrum (IceCv)
  2 guardian mummies (Crypt:3)
  14 trolls
  3 polar bears
  4 hornets
  59 saltlings (Desolation)
  A tyrant leech (Zot:3)
  2 raiju (shapeshifter)
  2 red devils (Lair:5)
  40 merfolk
  7 wind drakes
  5 dream sheep (shapeshifter)
  18 dream sheep
  8 glass eyes
  38 blink frogs
  5 snapping turtles (Shoals:4)
  109 slime creatures
  A snapping turtle (shapeshifter) (WizLab)
  A frost giant simulacrum (Vaults:2)
  An iron dragon simulacrum (Depths:3)
  4 air elementals
  A centaur simulacrum (Crypt:3)
  An ettin zombie (Vaults:2)
  A boulder beetle zombie (Crypt:1)
  A spriggan (shapeshifter) (D:14)
  A vampire (D:9)
  A culicivora (Vaults:2)
  A shadow (D:11)
  A dire elephant simulacrum (IceCv)
  14 water elementals
  2 wyverns
  14 wraiths
  A black mamba zombie (Crypt:1)
  80 yaks
  6 spriggans (Lair:2)
  6 humans (Zot:4)
  2 fire elementals
  3 ushabtiu (Crypt:3)
  A fire bat (shapeshifter) (WizLab)
  4 steam dragons
  4 basilisks
  6 wargs
  7 golden eyes
  A redback (Vaults:2)
  A redback (shapeshifter) (Vaults:5)
  4 vampire mosquitoes
  2 swamp worms (shapeshifter)
  34 nagas
  2 acid dragons
  3 hell hounds (Lair:5)
  An iron golem (WizLab)
  Duvessa (D:6)
  A hydra simulacrum (Crypt:2)
  18 water moccasins
  5 black bears
  4 ice beasts
  44 orc warriors
  2 black mamba simulacra
  28 laughing skulls
  18 ogres
  3 boggarts
  6 wolves
  A swamp dragon skeleton (Crypt:2)
  7 centaurs
  A lindwurm skeleton (Crypt:2)
  6 kobold brigands
  3 gnoll sergeants
  9 bullfrogs
  An elf skeleton (Crypt:3)
  5 earth elementals
  6 small abominations (WizLab)
  A cane toad simulacrum (IceCv)
  3 scorpions (D:5)
  6 wights
  Dowan (D:6)
  A shapeshifter zombie (Crypt:3)
  15 killer bees
  2 elephant simulacra (IceCv)
  6 howler monkeys
  5 electric eels
  A polar bear skeleton (Crypt:1)
  A raiju skeleton (Crypt:1)
  2 bombardier beetles (D:4)
  2 hounds (D:5)
  26 orc priests
  A basilisk zombie (Crypt:2)
  2 jellies (D:5)
  A human skeleton (Crypt:1)
  Natasha (thrice) (D:3)
  32 orc wizards
  A sleepcap (D:7)
  A scorpion zombie (Crypt:2)
  2 wolf simulacra (IceCv)
  An acid dragon zombie (Crypt:1)
  11 gnolls
  11 adders
  A shadow imp (D:6)
  14 white imps
  2 dart slugs (D:2)
  91 orcs
  6 ball pythons
  4 bats
  8 endoplasms
  2 giant cockroaches
  10 goblins
  7 hobgoblins
  12 jackals
  3 quokkas
  A bombardier beetle zombie (Crypt:3)
  4 frilled lizards
  13 kobolds
  4 rats
  A ballistomycete spore (D:9)
  15 tentacles (Shoals:3)
2580 creatures vanquished.

Vanquished Creatures (collateral kills)
  2 dread liches
  3 orbs of fire (Zot:5)
  An ancient lich (Zot:5)
  Xtahua (Crypt:3)
  Bai Suzhen (Shoals:3)
  2 Killer Klowns (Zot:4)
  Vashnia (Snake:4)
  2 golden dragons
  A doom hound (Zot:2)
  An electric golem (Zot:5)
  7 Orb Guardians (Zot:5)
  A sphinx (Zot:2)
  An acid blob (Slime:5)
  A shadow dragon (Zot:3)
  A fire giant (Zot:3)
  A draconian scorcher (Zot:3)
  An iron dragon (D:13)
  A cacodemon (Depths:1)
  A draconian stormcaller (Zot:4)
  A vampire knight (Zot:2)
  2 green draconians
  A white draconian (Zot:3)
  A black draconian (Zot:4)
  A purple draconian (Zot:4)
  A red draconian (Zot:4)
  A merfolk javelineer (Shoals:3)
  2 fire dragons
  An ettin (Vaults:5)
  An anaconda (Snake:4)
  A radroach (Zot:2)
  4 two-headed ogres (Zot:3)
  4 naga sharpshooters (Snake:4)
  2 naga warriors (Snake:4)
  A deep elf knight (Elf:1)
  A deep troll (Zot:3)
  2 naga ritualists (Snake:4)
  A mana viper (Snake:4)
  A deep elf pyromancer (Elf:1)
  3 moths of wrath (Zot:3)
  A salamander (Snake:4)
  A naga mage (Snake:4)
  A freezing wraith (Crypt:1)
  4 merfolk (Shoals:3)
  A tyrant leech (Zot:3)
  7 saltlings (Desolation)
  A hornet (Zot:2)
  2 humans (Zot:4)
  7 nagas (Snake:4)
  7 ballistomycete spores
94 creatures vanquished.

Vanquished Creatures (others)
  A juggernaut (Depths:3)
  A shard shrike (Depths:3)
  Vv (Zot:2)
  Boris (Crypt:3)
  A caustic shrike (Depths:3)
  2 golden dragons
  2 tentacled monstrosities
  3 Orb Guardians (Zot:5)
  2 quicksilver dragons
  2 titans
  An eldritch tentacle (Depths:4)
  An ancient champion (Crypt:3)
  3 death cobs
  A kraken (Shoals:3)
  A storm dragon (Zot:3)
  A tengu reaver (Depths:3)
  2 shadow dragons
  A draconian monk (Zot:4)
  10 fire giants
  5 frost giants
  A vault warden (Vaults:4)
  An ironbound preserver (Vaults:1)
  3 stone giants
  A very ugly thing (Depths:4)
  A vampire knight (Zot:2)
  A green draconian (Depths:4)
  A dire elephant (Lair:5)
  A yellow draconian (Zot:2)
  A deep elf death mage (Vaults:3)
  2 red draconians
  A spark wasp (Depths:3)
  4 ettins
  An entropy weaver (Vaults:2)
  A fire dragon (Depths:2)
  2 jiangshi
  A vault guard (Vaults:4)
  A yaktaur captain (Vaults:4)
  A rakshasa (Depths:2)
  2 ice dragons (Depths:3)
  A hydra (Lair:4)
  2 anacondas
  A centaur warrior (D:15)
  A radroach (WizLab)
  An anaconda (shapeshifter) (WizLab)
  A merfolk aquamancer (Shoals:3)
  A naga warrior (Snake:4)
  A death knight (Crypt:1)
  A death yak (Lair:5)
  A vampire mage (Depths:4)
  A soul eater (Crypt:2)
  A tengu warrior (Depths:2)
  A naga sharpshooter (Snake:3)
  2 deep elf knights (Elf:3)
  A sun demon (Depths:2)
  A shock serpent (Depths:3)
  2 skeletal warriors
  2 skysharks
  An iron troll (Zot:3)
  A naga ritualist (Snake:1)
  3 harpies
  A phantasmal warrior (Crypt:2)
  A lindwurm (Vaults:1)
  2 deep elf zephyrmancers
  2 moths of wrath
  A manticore (D:12)
  A cyclops (Shoals:4)
  A naga mage (Snake:2)
  4 black mambas
  An unseen horror (D:10)
  A yaktaur (Vaults:4)
  An efreet (Zot:3)
  A rime drake (Lair:5)
  A freezing wraith (Vaults:5)
  A merfolk (Shoals:3)
  2 wraiths
  A yak (D:12)
  A water elemental (Shoals:3)
  2 wargs
  A naga (Snake:4)
  An acid dragon (Gauntlet)
  An orc warrior (Orc:2)
  2 laughing skulls (Crypt:2)
  An orc priest (D:15)
  2 orc wizards
  2 orcs
  A ballistomycete spore (Snake:4)
  68 fire vortices
  6 foxfires (Lair:2)
  17 tentacles (Shoals:3)
223 creatures vanquished.

Grand Total: 2897 creatures vanquished

Notes
Turn   | Place    | Note
-------+----------+-------------------------------------------
     0 | D:1      | jboons the Draconian Alchemist began the quest for the Orb.
     0 | D:1      | Reached XP level 1. HP: 14/14 MP: 3/3
    21 | D:1      | Found Zicsunu's Antique Weapon Shop.
   106 | D:1      | Reached XP level 2. HP: 20/20 MP: 3/5
   111 | D:1      | Learned a level 2 spell: Mercury Vapours
   401 | D:1      | Reached XP level 3. HP: 26/26 MP: 3/6
   942 | D:1      | Learned a level 3 spell: Mephitic Cloud
  1070 | D:1      | Found an ancient bone altar of Kikubaaqudgha.
  1289 | D:2      | Found a faded altar of an unknown god.
  1305 | D:2      | Reached skill level 5 in Alchemy
  1305 | D:2      | Reached XP level 4. HP: 33/33 MP: 3/7
  1618 | D:2      | Found a snail-covered altar of Cheibriados.
  2316 | D:3      | Found a broken altar of Ashenzari.
  2630 | D:4      | Noticed Natasha
  2642 | D:4      | Reached XP level 5. HP: 35/38 MP: 4/8
  2723 | D:4      | Noticed a black bear
  2741 | D:3      | Killed Natasha
  2894 | D:3      | Noticed Natasha
  2904 | D:3      | Killed Natasha
  3122 | D:3      | Found a broken altar of Ashenzari.
  3399 | D:3      | Noticed Natasha
  3413 | D:3      | Killed Natasha
  3984 | D:4      | You fall into a shaft and drop 3 floors!
  3984 | D:7      | Found a snail-covered altar of Cheibriados.
  4012 | D:7      | Reached XP level 6. HP: 45/45 MP: 9/9
  4025 | D:7      | Noticed an ice beast
  4033 | D:7      | Killed an ice beast
  4039 | D:7      | Learned a level 4 spell: Olgreb's Toxic Radiance
  4095 | D:6      | Reached skill level 1 in Air Magic
  4096 | D:6      | Your scales start taking on a fiery red colour.
  4096 | D:6      | Reached XP level 7. HP: 31/56 MP: 0/11
  4096 | D:6      | Gained mutation: Your flesh is heat resistant. (rF+) [Red
                  | Draconian growth]
  4108 | D:6      | Noticed a steam dragon
  4257 | D:7      | Reached skill level 1 in Shields
  4475 | D:5      | Entered Level 5 of the Dungeon
  4523 | D:5      | Reached XP level 8. HP: 67/67 MP: 12/12
  4583 | D:5      | Reached skill level 5 in Fighting
  4791 | D:5      | Found a staircase to the Ecumenical Temple.
  4818 | Temple   | Entered the Ecumenical Temple
  4836 | Temple   | Became a worshipper of Fedhas Madash
  4971 | D:4      | Found a shadowy altar of Dithmenos.
  5081 | D:4      | Reached skill level 5 in Shields
  5372 | D:4      | Found a shadowy altar of Dithmenos.
  6236 | D:5      | Found a sparkling altar of Nemelex Xobeh.
  6236 | D:5      | Found an ornate altar of the Wu Jian Council.
  6585 | D:5      | Reached * piety under Fedhas
  7094 | D:6      | Noticed Duvessa
  7096 | D:6      | Noticed Dowan
  7107 | D:6      | Killed Dowan
  7111 | D:6      | Killed Duvessa
  7111 | D:6      | Noticed Jeremiah
  7112 | D:6      | Reached XP level 9. HP: 48/74 MP: 5/15
  7240 | D:6      | Learned a level 4 spell: Sticky Flame
  7443 | D:6      | Reached skill level 1 in Fire Magic
  7455 | D:6      | Reached skill level 2 in Fire Magic
  7592 | D:6      | Reached skill level 3 in Fire Magic
  7699 | D:6      | Killed Jeremiah
  7700 | D:6      | Reached skill level 5 in Fire Magic
  7700 | D:6      | Reached skill level 1 in Invocations
  7992 | D:6      | Found Xilapnis's Distillery.
  7995 | D:6      | Bought a potion of heal wounds for 70 gold pieces
  7995 | D:6      | Bought a potion of haste for 140 gold pieces
  7995 | D:6      | Bought a potion of curing for 42 gold pieces
  8369 | D:7      | Reached ** piety under Fedhas
  8693 | D:7      | Reached skill level 5 in Invocations
  8956 | D:8      | Noticed Maurice
  9047 | D:8      | Maurice stole a ring of protection from fire
  9051 | D:8      | Maurice stole a +0 dagger
  9052 | D:8      | Something stole 235 gold
  9054 | D:8      | Killed Maurice
  9055 | D:8      | Reached XP level 10. HP: 59/83 MP: 0/16
  9187 | D:8      | Noticed a gargoyle
  9195 | D:8      | Killed a gargoyle
  9421 | D:8      | Found a sacrificial altar of Ru.
  9611 | D:8      | Reached skill level 5 in Spellcasting
 10188 | D:9      | Found a shimmering blue altar of Sif Muna.
 10193 | D:9      | Found Gazomm's Antique Weapon Boutique.
 10209 | D:9      | Found a flagged portal.
 10210 | D:9      | Reached *** piety under Fedhas
 10235 | Bailey   | Entered a bailey
 10489 | Bailey   | Reached skill level 10 in Alchemy
 10692 | Bailey   | Noticed an orc knight
 10698 | Bailey   | Noticed an orc knight
 10916 | Bailey   | Killed an orc knight
 10943 | Bailey   | Killed an orc knight
 11363 | D:9      | Reached XP level 11. HP: 93/94 MP: 7/18
 11463 | D:9      | Identified the +10 dagger of Glory {protect, rC+}
 11562 | D:9      | Reached **** piety under Fedhas
 11563 | D:9      | Reached skill level 6 in Fire Magic
 11870 | D:9      | Noticed a six-headed hydra
 11893 | D:9      | Killed a six-headed hydra
 11894 | D:9      | Reached skill level 5 in Conjurations
 11894 | D:9      | Reached skill level 5 in Air Magic
 11978 | D:9      | Reached skill level 7 in Fire Magic
 12186 | D:9      | Noticed a two-headed ogre
 12196 | D:9      | Killed a two-headed ogre
 12197 | D:9      | Reached skill level 8 in Fire Magic
 12493 | D:10     | Entered Level 10 of the Dungeon
 12549 | D:10     | Found Uvitsu's Armour Shoppe.
 12591 | D:10     | Found a staircase to the Lair.
 12629 | D:10     | Reached skill level 10 in Invocations
 12653 | D:10     | Noticed a tengu warrior
 12666 | D:10     | Killed a tengu warrior
 12666 | D:10     | Noticed a centaur warrior
 12667 | D:10     | Reached XP level 12. HP: 89/101 MP: 3/20
 12702 | D:10     | Noticed a two-headed ogre
 12706 | D:10     | Killed a two-headed ogre
 12708 | D:10     | Killed a centaur warrior
 12948 | D:10     | Identified the +1 robe "Ifeocumu" {rC+ Regen+}
 13141 | D:10     | Learned a level 5 spell: Borgnjor's Vile Clutch
 13191 | D:10     | Noticed a boulder beetle
 13198 | D:10     | Killed a boulder beetle
 13199 | D:10     | Reached skill level 1 in Necromancy
 13199 | D:10     | Reached skill level 1 in Earth Magic
 13422 | D:10     | Noticed a boulder beetle
 13432 | D:10     | Reached ***** piety under Fedhas
 13443 | D:10     | Killed a boulder beetle
 13603 | D:10     | Noticed a four-headed hydra
 13626 | D:10     | Killed a four-headed hydra
 13897 | D:10     | Noticed a stone giant
 13906 | D:10     | Killed a stone giant
 13907 | D:10     | Reached skill level 5 in Necromancy
 13907 | D:10     | Reached skill level 5 in Earth Magic
 13955 | D:10     | Noticed a two-headed ogre
 13973 | D:10     | Killed a two-headed ogre
 14569 | D:10     | Bought a +0 pair of gloves for 67 gold pieces
 15141 | D:11     | Noticed Snorg
 15157 | D:11     | Killed Snorg
 15158 | D:11     | Reached XP level 13. HP: 91/107 MP: 10/22
 15800 | Lair:1   | Entered Level 1 of the Lair of Beasts
 15906 | Lair:1   | Noticed Fannar
 15916 | Lair:1   | Killed Fannar
 17276 | Lair:2   | Found a staircase to the Snake Pit.
 17479 | Lair:2   | Found a transporter.
 17485 | Lair:2   | Noticed jamsaran's ghost (journeyman DgFE)
 17486 | Lair:2   | Found a bloodstained altar of Trog.
 17495 | Lair:2   | Found a transporter.
 17615 | Lair:2   | Reached ****** piety under Fedhas
 18342 | Lair:2   | Got Tuxzem's Catalogue of Incineration and the Tektite
 18450 | Lair:3   | Learned a level 4 spell: Ignite Poison
 18457 | Lair:3   | Found a frozen archway.
 18595 | IceCv    | Entered an ice cave
 18751 | IceCv    | Identified the +1 robe of the Desert {rCorr Str+8 Int-2
                  | Dex-4}
 18903 | IceCv    | Reached XP level 14. HP: 78/115 MP: 17/26
 19056 | IceCv    | Identified the +10 arbalest "Hedydo" {antimagic, rElec
                  | rCorr Str+4}
 19068 | IceCv    | Reached XP level 15. HP: 121/121 MP: 27/27
 19204 | Lair:3   | Reached skill level 10 in Earth Magic
 19211 | Lair:3   | Learned a level 5 spell: Lee's Rapid Deconstruction
 19617 | Lair:3   | Found a staircase to the Shoals.
 20504 | Lair:4   | Found a gate leading to a gauntlet.
 20513 | Gauntlet | Entered a Gauntlet
 20513 | Gauntlet | Found a transporter.
 20523 | Gauntlet | Found a transporter.
 20534 | Gauntlet | Found a transporter.
 20537 | Gauntlet | Found a transporter.
 20546 | Gauntlet | Found a transporter.
 20562 | Gauntlet | Found a transporter.
 20574 | Gauntlet | Found a transporter.
 20576 | Gauntlet | Found the brooch of Shielding {Spirit SH+8}
 20581 | Gauntlet | Found a runed translucent door.
 20587 | Gauntlet | Found a transporter.
 20588 | Gauntlet | Found a runed translucent door.
 20588 | Gauntlet | Found a runed translucent door.
 20592 | Gauntlet | Found a transporter.
 20606 | Gauntlet | Found a transporter.
 20621 | Gauntlet | Found a transporter.
 20623 | Gauntlet | Found a transporter.
 20676 | Gauntlet | Found a transporter.
 20685 | Gauntlet | Found a transporter.
 20760 | Gauntlet | Identified the ring "Talisch" {rElec rPois Dex+2}
 20808 | Gauntlet | Reached skill level 10 in Fighting
 21051 | Gauntlet | Identified the +0 ring mail "Qepos" {Rampage ^Drain rF++}
 21085 | Gauntlet | Got the Elucidation of the Fair Folk
 21090 | Gauntlet | Got Jimoru's Codex of Curses
 21225 | Lair:4   | Found a staircase to the Slime Pits.
 21226 | Lair:4   | Found a viscous altar of Jiyva.
 21807 | Lair:4   | Noticed Josephine
 21813 | Lair:4   | Killed Josephine
 22046 | Lair:5   | Entered Level 5 of the Lair of Beasts
 22904 | Lair:5   | Reached XP level 16. HP: 107/139 MP: 18/28
 23008 | Lair:5   | Reached skill level 10 in Shields
 23037 | Lair:5   | Reached skill level 1 in Polearms
 23743 | Lair:5   | Found a burning altar of Makhleb.
 23849 | Lair:5   | Found a gateway to Hell.
 23856 | Lair:5   | Identified the +4 falchion of the Six Leylines {elec, rC+
                  | Will+ Int+2}
 24364 | D:12     | Found a staircase to the Orcish Mines.
 24368 | D:12     | Identified the +8 spear "Niunkicw" {heavy, rElec rPois
                  | Int-5 SInv}
 24953 | Orc:1    | Entered Level 1 of the Orcish Mines
 25633 | Orc:1    | Found Reezxix's Firing Range.
 25734 | Orc:2    | Entered Level 2 of the Orcish Mines
 25749 | Orc:2    | Reached skill level 5 in Polearms
 26338 | Orc:2    | Found a roughly hewn altar of Beogh.
 26341 | Orc:2    | Found Orofuit's Antique Armour Emporium.
 26389 | Orc:2    | Found a staircase to the Elven Halls.
 26537 | Orc:2    | Found Keda's Antique Weapon Emporium.
 26552 | Orc:2    | Found Ruqo's General Store.
 26634 | Orc:2    | Found Jacafuus's Book Emporium.
 26869 | Orc:2    | Bought a pair of embroidered gloves for 150 gold pieces
 26900 | Orc:2    | Bought a book of Spontaneous Combustion for 570 gold pieces
 26900 | Orc:2    | Bought a book of Spectacle for 720 gold pieces
 27274 | D:13     | Noticed Erolcha
 28034 | D:13     | Killed Erolcha
 28224 | D:13     | Found a gate to the Vaults.
 28498 | D:14     | Found Xuwifoti's Magic Scroll Boutique.
 28507 | D:14     | Bought a scroll of fear for 56 gold pieces
 28507 | D:14     | Bought a scroll of teleportation for 42 gold pieces
 28507 | D:14     | Bought a scroll of fog for 56 gold pieces
 29407 | D:15     | Entered Level 15 of the Dungeon
 29827 | D:15     | Found a staircase to the Depths.
 29860 | D:14     | Reached XP level 17. HP: 130/146 MP: 27/30
 30038 | D:15     | Found a runed translucent door.
 30046 | D:15     | Noticed Hehag's ghost (journeyman MiBe)
 30047 | D:15     | Noticed a lich
 30096 | D:15     | Found a runed translucent door.
 30412 | D:15     | Found Ykhosill's Book Boutique.
 30547 | D:15     | Reached skill level 9 in Fire Magic
 31198 | Shoals:1 | Entered Level 1 of the Shoals
 32013 | Shoals:1 | Identified the serpent talisman "Put-Me-On" {Int+3}
 32013 | Shoals:1 | Noticed Aizul
 32145 | Shoals:1 | Killed Aizul
 32146 | Shoals:1 | Reached skill level 10 in Spellcasting
 32475 | Shoals:1 | Noticed Louise
 32483 | Shoals:1 | Killed Louise
 32753 | Shoals:2 | Identified the +9 sling of Purpose {speed, Dex+4}
 32764 | Shoals:2 | Reached skill level 10 in Fire Magic
 33968 | Shoals:3 | Reached skill level 11 in Fire Magic
 34173 | Shoals:3 | Noticed a kraken
 34185 | Shoals:3 | Killed a kraken
 34340 | Shoals:3 | Noticed Bai Suzhen
 34496 | Shoals:3 | Killed Bai Suzhen
 34955 | Shoals:3 | Noticed a kraken
 34970 | Shoals:3 | Killed a kraken
 35022 | Shoals:3 | Found the ring of the Octopus King
 35032 | Shoals:3 | Noticed a kraken
 35040 | Shoals:3 | Killed a kraken
 35099 | Shoals:3 | Noticed a kraken
 35111 | Shoals:3 | Killed a kraken
 35112 | Shoals:3 | Reached skill level 12 in Fire Magic
 35324 | Shoals:3 | Reached XP level 18. HP: 72/154 MP: 4/32
 35356 | Shoals:3 | Identified a ring of the Octopus King {rN+ HP+2 AC+2 EV+2
                  | SH+2}
 35693 | Shoals:4 | Entered Level 4 of the Shoals
 35801 | Shoals:4 | Reached skill level 10 in Polearms
 36045 | Shoals:4 | Paralysed by a formless jellyfish for 1 turns
 36051 | Shoals:4 | Reached skill level 10 in Conjurations
 36268 | Shoals:4 | Reached skill level 13 in Fire Magic
 36735 | Shoals:4 | Identified the +2 great sword "Beetlebane" {drain, ^Contam
                  | rN+ Dex+2}
 37111 | Shoals:4 | Reached skill level 14 in Fire Magic
 37469 | Shoals:4 | Got a barnacled rune of Zot
 37543 | Shoals:4 | Reached skill level 15 in Fire Magic
 38004 | Shoals:4 | Learned a level 6 spell: Starburst
 38183 | Lair:2   | Killed jamsaran's ghost
 38250 | Snake:1  | Entered Level 1 of the Snake Pit
 38712 | Snake:1  | Reached skill level 16 in Fire Magic
 40288 | Snake:1  | Found Bogox's General Store.
 40359 | Snake:1  | Noticed Donald
 40365 | Snake:1  | Killed Donald
 43543 | Snake:3  | Reached XP level 19. HP: 120/160 MP: 33/33
 44136 | Snake:4  | Entered Level 4 of the Snake Pit
 44368 | Snake:4  | Found Vediucao's Weapon Shop.
 44368 | Snake:4  | Found Ciff's Antique Weapon Boutique.
 46101 | Snake:4  | Reached skill level 17 in Fire Magic
 46349 | Snake:4  | Noticed Vashnia
 46359 | Snake:4  | Killed Vashnia
 46675 | Snake:4  | Got a serpentine rune of Zot
 46793 | Snake:4  | Upgraded the game from 0.32-a0-314-g526f7d4993 to
                  | 0.32-a0-350-g4f4d228785
 47013 | Elf:1    | Entered Level 1 of the Elven Halls
 47030 | Elf:1    | Found a radiant altar of Vehumet.
 47112 | Elf:1    | Found a crumbling gateway.
 47263 | Desolati | Entered the Desolation of Salt
 47595 | Desolati | Got the Essays on Momentum
 47905 | Desolati | Reached skill level 18 in Fire Magic
 47915 | Desolati | Reached skill level 1 in Hexes
 48540 | Desolati | Learned a level 5 spell: Yara's Violent Unravelling
 48731 | Desolati | Got the Quarto of Fetid Hypothermia
 48762 | Desolati | Reached skill level 5 in Hexes
 48953 | Desolati | Identified the ring of Ignis, Hammering {rPois AC+4 Dex+3}
 48961 | Desolati | Identified the +2 robe of Parts Unknown {rElec rF+ Regen+
                  | rCorr}
 48961 | Desolati | Identified the ring of Vixapn {rC+ Int+6 Dex+2}
 48977 | Desolati | Reached XP level 20. HP: 102/168 MP: 14/36
 50043 | Desolati | Got Sif Muna's Guide on the Athanor and the Tesseract
 50441 | Elf:1    | Found Marchippo's One-of-a-Kind Rings.
 50621 | Elf:1    | Paralysed by an air elemental for 1 turns
 50850 | Elf:1    | Noticed Norris
 50994 | Elf:1    | Killed Norris
 51919 | Elf:2    | Reached skill level 19 in Fire Magic
 51958 | Elf:2    | Paralysed by an air elemental for 1 turns
 52861 | Elf:2    | Reached skill level 20 in Fire Magic
 53326 | Elf:2    | Found a runed translucent gate.
 53326 | Elf:2    | Found a runed translucent gate.
 53326 | Elf:2    | Found a runed translucent gate.
 53629 | Vaults:1 | Entered Level 1 of the Vaults
 53760 | Vaults:1 | Found a magical portal.
 53765 | WizLab   | Entered Cigotuvi's Fleshworks
 54563 | WizLab   | Got Cigotuvi's Quarto of Sublimation and Shades
 54565 | WizLab   | Identified the maw talisman of Nukkea {rN+ Str+3}
 55390 | WizLab   | Identified the ring of Ibapn {*Corrode rF+ Will+ Int+3
                  | Dex+6}
 55668 | Vaults:1 | Reached skill level 21 in Fire Magic
 55807 | Vaults:1 | Reached XP level 21. HP: 143/174 MP: 29/38
 56359 | Vaults:1 | Found Awomiug's Book Shoppe.
 58060 | Vaults:2 | Reached skill level 22 in Fire Magic
 58069 | Vaults:2 | Learned a level 8 spell: Ignition
 58399 | Vaults:2 | You are sucked into a shaft and drop 2 floors!
 59255 | Vaults:2 | Found Qoesedam's Weapon Shoppe.
 59499 | Vaults:2 | Paralysed by a formless jellyfish for 1 turns
 59746 | Vaults:2 | Found Ufamyget's Book Shop.
 60122 | Vaults:2 | Found a transporter.
 60142 | Vaults:2 | Found a transporter.
 60757 | Vaults:3 | Found a staircase to the Crypt.
 61939 | Vaults:3 | Reached XP level 22. HP: 128/181 MP: 31/40
 63357 | Vaults:4 | Reached skill level 23 in Fire Magic
 63573 | Vaults:4 | Reached skill level 1 in Evocations
 64753 | Vaults:4 | Paralysed by a formless jellyfish for 1 turns
 65180 | Depths:1 | Entered Level 1 of the Depths
 65589 | Depths:1 | Found a one-way gate leading to the halls of Pandemonium.
 65792 | Depths:1 | Found a radiant altar of Vehumet.
 66055 | Depths:1 | Reached skill level 15 in Invocations
 66092 | Depths:1 | Reached skill level 5 in Evocations
 66565 | Depths:2 | You are sucked into a shaft and drop 1 floor!
 66574 | Depths:3 | Noticed a shard shrike
 66625 | Depths:3 | Killed a shard shrike
 66797 | Depths:3 | Identified the ring of Discord {Fly Str+3 Dex+2 Stlth+}
 66808 | Depths:3 | Got the Writings on the Deathly Singularity
 67691 | Depths:2 | Reached skill level 24 in Fire Magic
 67982 | Depths:2 | Noticed a golden dragon
 67994 | Depths:2 | Killed a golden dragon
 68308 | Depths:1 | Reached XP level 23. HP: 115/188 MP: 37/41
 70103 | Depths:3 | Noticed a dread lich
 70117 | Depths:3 | Killed a dread lich
 70125 | Depths:3 | Reached skill level 10 in Evocations
 70188 | Depths:3 | Noticed a caustic shrike
 70192 | Depths:3 | Killed a caustic shrike
 70226 | Depths:3 | Identified the +5 demon whip of Beamitof {pain, rF- rN+
                  | Stlth+}
 71566 | Depths:3 | Identified the orb of Nihilism {guile, rN+}
 71713 | Depths:3 | Noticed a juggernaut
 71731 | Depths:3 | Killed a juggernaut
 71848 | Depths:3 | Reached skill level 15 in Conjurations
 72047 | Depths:3 | Noticed a shard shrike
 72052 | Depths:3 | Killed a shard shrike
 72532 | Depths:3 | Noticed a dread lich
 72537 | Depths:3 | Killed a dread lich
 72827 | Depths:3 | Found a one-way gate to the infinite horrors of the Abyss.
 73136 | Depths:3 | Got the Book of Amassed Ceraunoscopy
 73144 | Depths:3 | Got Ywkyheja's Papyrus of Fulmination
 73342 | Depths:4 | Entered Level 4 of the Depths
 73740 | Depths:4 | Reached XP level 24. HP: 179/195 MP: 31/41
 74143 | Depths:4 | Got the Discursus on Marshalled Exhalation
 74184 | Depths:4 | Noticed a juggernaut
 74197 | Depths:4 | Killed a juggernaut
 74431 | Depths:4 | Found a gate to the Realm of Zot.
 75180 | Depths:4 | Found a one-way gateway to a ziggurat.
 75635 | Depths:4 | Learned a level 6 spell: Bombard
 75926 | Elf:3    | Entered Level 3 of the Elven Halls
 75938 | Elf:3    | Identified the +0 hat of Nerech {*Corrode Str+4 Stlth+}
 76010 | Elf:3    | Noticed Zeothysh's ghost (veteran FoEE)
 76016 | Elf:3    | Found a transporter.
 76077 | Elf:3    | Found a transporter.
 76153 | Elf:3    | Noticed Saint Roka
 76163 | Elf:3    | Killed Saint Roka
 76746 | Elf:3    | Identified the +11 sling of Abuse {heavy, rElec Str-5
                  | Int+7}
 76759 | Elf:3    | Reached skill level 15 in Spellcasting
 77195 | Elf:3    | Identified the +3 falchion of Eminent Domain {heavy, rC+
                  | rN++ MP-9}
 77662 | Elf:3    | Found a transporter.
 77749 | Elf:3    | Found a transporter.
 78407 | Slime:1  | Entered Level 1 of the Pits of Slime
 79287 | Slime:5  | Entered Level 5 of the Pits of Slime
 79390 | Slime:5  | Noticed the Royal Jelly
 79398 | Slime:5  | Killed the Royal Jelly
 79495 | Slime:5  | Reached skill level 15 in Earth Magic
 79504 | Slime:5  | Reached XP level 25. HP: 101/202 MP: 16/43
 80061 | Slime:5  | Identified the +8 orcbow "Omimutam" {freeze, +Blink Fly
                  | rPois rCorr}
 80091 | Slime:5  | Identified the staff "Tormentor" {rPois rC+ Str+3 Stlth+
                  | Ice}
 80130 | Slime:5  | Got the Incunabulum of Companions and Guile
 80132 | Slime:5  | Got a slimy rune of Zot
 80142 | Slime:5  | Identified the +1 orcbow "Fanurun" {speed, *Slow MP+9 Str+8
                  | Int+3}
 80149 | Slime:5  | Identified the +12 whip "Azesavul" {drain, Dex+4}
 80152 | Slime:5  | Identified the +1 great sword of Instinct {flame, rF+ MP+9
                  | Str+6 Dex-5}
 80163 | Slime:5  | Identified a scroll of acquirement
 80170 | Slime:5  | Acquired the ring "Daunkaej" {Wiz rC+ Dex+5}
 80180 | Slime:5  | Identified the +0 ring mail of the Cicada {^Contam Int+5
                  | Dex+3}
 80184 | Slime:5  | Identified the ring of Curiosity {Int+6 Dex+4}
 80198 | Slime:5  | Identified the +3 halberd "Peileg" {antimagic, rF+ Int+3}
 80797 | Vaults:1 | Bought a book of Annihilations for 1200 gold pieces
 80807 | Vaults:1 | Learned a level 9 spell: Fire Storm
 81054 | Zot:1    | Entered Level 1 of the Realm of Zot
 81655 | Zot:1    | Identified the +5 longbow of Accidental Termination {flame,
                  | rC+ Str+3 Int+3 Dex-4}
 82336 | Zot:1    | Gained mutation: Your magical capacity is low. (-10% MP)
                  | [mutagenic glow]
 82495 | Zot:1    | You are sucked into a shaft and drop 1 floor!
 83245 | Crypt:1  | Entered Level 1 of the Crypt
 83387 | Crypt:1  | Identified the +4 robe of Zobboaz {Str+6 Int-3}
 83387 | Crypt:1  | Noticed Boris
 83410 | Crypt:1  | Killed Boris
 84778 | Crypt:2  | Identified the +4 robe of Impermeability {Harm Str+3}
 84778 | Crypt:2  | Noticed Boris
 84895 | Crypt:2  | Killed Boris
 85608 | Crypt:2  | Reached skill level 25 in Fire Magic
 86507 | Crypt:3  | Entered Level 3 of the Crypt
 86514 | Crypt:3  | Noticed Sojobo
 86527 | Crypt:3  | Killed Sojobo
 87067 | Crypt:3  | Identified the +3 robe of the Ward {Str+6}
 87067 | Crypt:3  | Noticed Boris
 87078 | Crypt:3  | Killed Boris
 87539 | Crypt:3  | Noticed Xtahua
 87547 | Crypt:3  | Killed Xtahua
 87570 | Crypt:3  | Reached XP level 26. HP: 171/210 MP: 4/39
 88353 | Crypt:3  | Found an ancient bone altar of Kikubaaqudgha.
 88361 | Crypt:3  | Found a basalt altar of Yredelemnul.
 88630 | Crypt:3  | Found an ancient bone altar of Kikubaaqudgha.
 88698 | Crypt:3  | Found a staircase to the Tomb.
 88783 | Crypt:3  | Identified the staff of the Ecumenical Temple {rPois rN+
                  | Dex+4 Necro}
 89037 | Vaults:5 | Entered Level 5 of the Vaults
 89039 | Vaults:5 | Reached skill level 26 in Fire Magic
 89404 | Vaults:5 | Noticed an ancient lich
 91369 | Vaults:5 | Noticed an ancient lich
 91374 | Vaults:5 | Killed an ancient lich
 91505 | Vaults:5 | Found the +7 sceptre of Torment {pain, torment}
 91551 | Vaults:5 | Identified the +8 longbow of Desperation {heavy, rElec
                  | Dex+4}
 91584 | Vaults:5 | Found the necklace of Bloodlust {Fury *Rage Will++ Int-3
                  | Slay+6}
 91629 | Vaults:5 | Identified the +8 chain mail of the Squeaky God {Dex+3}
 91659 | Vaults:5 | Found Fudos's Distillery.
 91669 | Vaults:5 | Got the Incunabulum of Command
 91694 | Vaults:5 | Identified the +7 long sword "Aliagiph" {protect, Fly
                  | rPois}
 91694 | Vaults:5 | Identified the ring "Amoumpoh" {rN+ Str+6 Dex+4}
 91698 | Vaults:5 | Killed an ancient lich
 92301 | Vaults:5 | Identified the +7 long sword of Bayshrito {protect, rElec}
 92301 | Vaults:5 | Identified the +8 plate armour of Lethargy {Int+2}
 92301 | Vaults:5 | Identified the ring "Pesar" {rPois Int+6}
 92703 | Vaults:4 | Reached skill level 27 in Fire Magic
 93017 | Vaults:5 | Identified the +1 robe of Fuzxanio {rN+}
 93070 | Vaults:5 | Got a silver rune of Zot
 93210 | Vaults:5 | Identified the +1 battleaxe "Fogah" {venom, *Noise rElec
                  | rCorr Int-2}
 93613 | Vaults:5 | Learned a level 8 spell: Lehudib's Crystal Spear
 93622 | Vaults:5 | Learned a level 7 spell: Spellforged Servitor
 95064 | Zot:2    | Noticed Vv
 95071 | Zot:2    | Noticed a dread lich
 95074 | Zot:2    | Killed Vv
 95284 | Zot:2    | Identified the +1 orcbow of the Whelk {drain, ^Drain Str+6
                  | SInv}
 95288 | Zot:2    | Noticed Grunn
 95289 | Zot:2    | Noticed a dread lich
 95292 | Zot:2    | Killed Grunn
 95528 | Zot:2    | Noticed a dread lich
 95532 | Zot:2    | Killed a dread lich
 95533 | Zot:2    | Reached skill level 1 in Summonings
 95613 | Zot:2    | Noticed a dread lich
 95646 | Zot:1    | Paralysed by a dread lich for 2 turns
 95651 | Zot:1    | Killed a dread lich
 95652 | Zot:1    | Reached XP level 27. HP: 176/216 MP: 13/40
 95861 | Zot:2    | Killed a dread lich
 96227 | Zot:3    | Reached skill level 5 in Summonings
 96231 | Zot:3    | Noticed an orb of fire
 96231 | Zot:3    | Gained mutation: You are frail. (-10% HP) [an orb of fire]
 96414 | Zot:3    | Killed an orb of fire
 96942 | Zot:3    | Identified the staff "Vait" {rPois Int+3 Air Alchemy}
 97441 | Zot:2    | Killed a dread lich
 97890 | Zot:3    | Reached skill level 5 in Dodging
101076 | Zot:5    | Entered Level 5 of the Realm of Zot
101986 | Zot:5    | Noticed an orb of fire
102000 | Zot:5    | Killed an orb of fire
102159 | Zot:5    | Noticed an ancient lich
102165 | Zot:5    | Killed an ancient lich
102183 | Zot:5    | Noticed an orb of fire
102187 | Zot:5    | Killed an orb of fire
102191 | Zot:5    | Noticed an orb of fire
102197 | Zot:5    | Gained mutation: You do not regenerate when monsters are
                  | visible. [an orb of fire]
102203 | Zot:5    | Killed an orb of fire
102229 | Zot:5    | HP: 3/194 [purple draconian/bolt of dispelling energy[a
                  | purple draconian shifter] (24)]
102625 | Zot:4    | Acquired the scarf "Qohyexos" {+Inv, Int+8 Dex+3 Stlth-}
102754 | Zot:5    | Lost mutation: You do not regenerate when monsters are
                  | visible. [potion of mutation]
102754 | Zot:5    | Lost mutation: Your magical capacity is low. (-10% MP)
                  | [potion of mutation]
102754 | Zot:5    | Lost mutation: You are frail. (-10% HP) [potion of
                  | mutation]
102754 | Zot:5    | Gained mutation: You are robust. (+10% HP) [potion of
                  | mutation]
102754 | Zot:5    | Gained mutation: You are covered in fur. (AC +1) [potion of
                  | mutation]
102852 | Zot:5    | Noticed an orb of fire
102862 | Zot:5    | Killed an orb of fire
102984 | Zot:5    | Noticed an orb of fire
103006 | Zot:5    | Killed an orb of fire
103103 | Zot:5    | Noticed an orb of fire
104421 | Zot:5    | Reached skill level 10 in Dodging
104542 | Zot:5    | Noticed a dread lich
104549 | Zot:5    | Killed a dread lich
104813 | Zot:5    | Noticed an orb of fire
105456 | Zot:5    | Noticed an ancient lich
105463 | Zot:5    | Killed an ancient lich
105595 | Zot:5    | Gained mutation: Your body sometimes deteriorates upon
                  | taking damage. [an orb of fire]
105596 | Zot:5    | Killed an orb of fire
106626 | Zot:5    | Noticed an ancient lich
106631 | Zot:5    | Killed an orb of fire
106950 | Zot:5    | Killed an ancient lich
107483 | Zot:5    | Got the Orb of Zot
107712 | Depths:1 | Noticed Umenn the pandemonium lord
108054 | D:$      | Escaped with the Orb!

Illustrated notes

Levels and vault maps discovered:
D:1:      dpeg_arrival_lava_altar, layout_basic, serial_shops, shop
D:2:      layout_rooms, basic_altar, shapermc_ecumenical_altar_gd
D:3:      layout_loops_ring, mainiacjoe_overflow_cross_hatched
D:4:      cheibrodos_helix_gallery, layout_cave_pools,
          mainiacjoe_overflow_brackets, hangedman_abyss_or_decor_stagger,
          chequers_big_river, nicolae_figureground_pulse, uniq_natasha
D:5:      layout_layer_cave, minitemple, minmay_temple_entry_junction,
          st_stairs_7
D:6:      layout_cave_pools, serial_shops, nicolae_shop_behind_doors,
          minmay_misc_feat_room, minmay_fractal_squares_diagonal_5,
          uniq_jeremiah, uniq_duvessa
D:7:      layout_basic, cheibriados_altar_1, nicolae_grassy_gnolls
D:8:      layout_gridville, lemuel_tele_altar, uniq_maurice
D:9:      kennysheep_big_flooded_room, layout_basic,
          mainiacjoe_overflow_small_starburst, serial_shops, shop,
          enter_bailey_5
D:10:     minmay_the_grid_square_5x5_4x4 [minmay_the_grid_square_5x5_dogpile,
          minmay_the_grid_square_5x5_beaten_path,
          minmay_the_grid_square_5x5_hourglass,
          minmay_the_grid_square_5x5_eight_small,
          minmay_the_grid_square_5x5_broken_cross,
          minmay_the_grid_square_5x5_prize_junk,
          minmay_the_grid_square_5x5_prize_open, minmay_the_grid_square_5x5_meh,
          minmay_the_grid_square_5x5_intrusive_squares,
          minmay_the_grid_square_5x5_prize_monsterx,
          minmay_the_grid_square_5x5_prize_itemx,
          minmay_the_grid_square_5x5_misaligned,
          minmay_the_grid_square_5x5_mess,
          minmay_the_grid_square_5x5_three_walls,
          minmay_the_grid_square_5x5_tri_point,
          minmay_the_grid_square_5x5_comb], layout_loops_ring,
          dpeg_oklobed_lair, serial_shops, nicolae_shop_stone,
          minmay_misc_feat_iff
D:11:     layout_cave_pods, serial_bayou_lake_a, uniq_snorg
D:12:     layout_roguey, orc_0_dummy
D:13:     layout_roguey, hellmonk_vaults_attempted_burglary, uniq_erolcha
D:14:     layout_roguey, hangedman_glass_teeth, serial_shops,
          nicolae_shop_advertising_works [nicolae_subvault_shop_adworks],
          grunt_decor_junction, minmay_liquid_box
D:15:     hangedman_depths_entry_try_elsewhere_first, layout_loops_ring,
          serial_shops, shop, muffindrake_ghost_dual_entry
Temple:   hellmonk_temple_of_storms
Lair:1:   layout_roguey, serial_bayou_shore_b, grunt_megastairs_4, uniq_fannar
Lair:2:   layout_cave_pods, guppyfry_snake_entry_island,
          gammafunk_ghost_wrathful_warriors, grunt_forest_large_clearings
Lair:3:   layout_regular_city, mainiacjoe_shoals_entry_four_pools,
          portal_ice_cave_entry_imps
Lair:4:   layout_misc_corridors, slime_entry_1, gauntlet_entry_generic,
          grunt_megastairs_1, lemuel_fruit_fields, uniq_josephine
Lair:5:   evil_forest, layout_gridlike, st_stairs_4,
          chequers_serial_rivers_micro_c, infiniplex_staircase_pool
Shoals:1: layout_shoals, uniq_aizul, uniq_louise
Shoals:2: layout_shoals
Shoals:3: nicolae_shoals_lighthouse, layout_shoals, uniq_bai_suzhen
Shoals:4: shoals_end_simple, layout_shoals, yaktaur_hedge
Snake:1:  layout_layer_cave, serial_shops, nicolae_take_the_stairs,
          grunt_ministairs_5, nicolae_snake_snakes_in_the_grass, uniq_donald
Snake:2:  layout_layer_cave, hangedman_snake_corridor_cut
Snake:3:  layout_misc_corridors
Snake:4:  johnstein_snake_rune_scales, layout_basic, minmay_shoptagon,
          serial_bayou_shore_b
Slime:1:  layout_caves
Slime:2:  layout_caves
Slime:3:  layout_caves
Slime:4:  layout_caves
Slime:5:  slime_pit
Orc:1:    layout_caves, nicolae_shop_firing_range
Orc:2:    grunt_orc_cross, layout_caves
Elf:1:    eino_elf_arrival_altar, layout_gridlike,
          portal_desolation_entry_twin_temple,
          hangedman_elven_crosses_minicolossus, nicolae_shop_unique_rings,
          uniq_norris
Elf:2:    nicolae_elf_blades_splatter_lattice [nicolae_blade_little_rooms],
          layout_gridlike, grunt_megastairs_2
Elf:3:    elf_hall, layout_gridlike, gammafunk_ghost_arena, uniq_saint_roka
Vaults:1: infiniplex_enter_wizlab_spiral, nicolae_vaults_wine_cellar,
          nicolae_vaults_sightless_eye, grunt_vaults_funnel,
          nicolae_vaults_swerve, grunt_vaults_twisty,
          nicolae_vaults_disjoint_gnomons, nicolae_vaults_stepped_doors,
          nicolae_vaults_little_squares_1, nicolae_vaults_diamond_1, v_misc_13,
          v_misc_15, layout_vaults_maze, serial_shops, shop
Vaults:2: nicolae_vaults_trapezoid_2, v_pattern_5, gammafunk_the_bubble
          [the_bubble_gammafunk_grid], nicolae_vaults_border_crossing,
          v_rooms_2, nicolae_vaults_offset_grid_hallway_3,
          nicolae_vaults_tetromino_T_1, nicolae_vaults_frosty_reception,
          vaults_room_door_hall, nicolae_vaults_tetromino_T_1,
          nicolae_vaults_mini_display_case, nicolae_vaults_trapezoid_1,
          layout_vaults_omnicross, serial_shops,
          nicolae_shop_tiny_real_fake_doors, shop
Vaults:3: nicolae_vaults_shrinking_rooms_1, nicolae_vaults_statue_guard,
          nicolae_vaults_little_squares_3, v_alt_pattern_1,
          nicolae_vaults_theta, nicolae_vaults_angled_halls, serial_ice_b,
          layout_vaults_quadrants, minmay_crypt_entry_simple_corners,
          serial_glass
Vaults:4: nicolae_vaults_spaceships, nicolae_vaults_house_2,
          nicolae_vaults_cochlea, v_misc_25, hangedman_vaults_stream, v_rooms_6,
          nicolae_vaults_storage_closets_1, hangedman_vaults_impose,
          vaults_room_pools, nicolae_vaults_yaktaur_gun_rack,
          ontoclasm_vaults_hangar, nicolae_vaults_turnstiles, v_misc_25,
          nicolae_vaults_specimen_jars, nicolae_vaults_double_plus_1,
          layout_vaults_omnibox
Vaults:5
Crypt:1:  layout_gridlike, grunt_megastairs_3, uniq_boris
Crypt:2:  layout_gridlike
Crypt:3:  lightli_unholy_cathedral, layout_chaotic_city,
          nicolae_tomb_entry_rubble_hallway, basic_altar, uniq_sojobo,
          uniq_xtahua
Depths:1: layout_gridlike, pan_entry, chequers_serial_rivers_micro_a,
          hell_entry, grunt_ministairs_9, fiery_altar_vehumet
Depths:2: thingy_vault, layout_basic, hell_entry, minmay_fountain_box,
          rand_demon_pan_entry_9, grunt_ministairs_2, nicolae_triple_integral,
          infiniplex_staircase_zigzag_4
Depths:3: hellmonk_hyper_hexagons [hex_subvault_rooms, hex_subvault_uneven,
          hex_subvault_orbs, hex_subvault_small_grid, hex_subvault_dug_out,
          hex_subvault_rings, hex_subvault_angles], abyss_entry, hell_entry
Depths:4: grunt_zot_entry_tricorne, layout_basic, enter_ziggurat_b,
          minmay_crystal_room, hell_entry, roderic_lattice_a
Zot:1:    layout_gridlike, regret_index_zotdec_bone_old,
          hangedman_zot_decor_checkerboard
Zot:2:    hellmonk_paralyzer, layout_twisted_circle,
          regret_index_zotdec_stipple_waver, uniq_vv, uniq_grunn
Zot:3:    lemuel_halls_of_wrath, layout_cathedral_of_symmetry
Zot:4:    circus_mu, layout_twisted_circle, regret_index_zotdec_onion_hex,
          bh_zot_lava_cross
Zot:5:    layout_misc_corridors

Skill      XL: |  1  2  3  4  5  6  7  8  9 10 11 12 13 14 15 16 17 18 19 20 21 22 23 24 25 26 27 |
---------------+----------------------------------------------------------------------------------+-----
Alchemy        | 4 5 6 7 8 9 10 | 10.0
Spellcasting   | 3 4 5 8 9 10 12 13 14 16 18 19 | 19.0
Fighting       | 2 4 5 8 12 | 12.5
Air Magic      | 1 2 3 5 |  5.0
Conjurations   | 2 3 5 9 11 12 16 18 19 22 24 | 24.0
Shields        | 3 5 9 10 12 | 12.0
Fire Magic     | 5 8 12 16 18 21 22 24 25 27 | 27.0
Invocations    | 5 6 10 12 13 14 16 | 16.0
Necromancy     | 6 9 |  9.0
Earth Magic    | 6 9 10 12 15 16 | 16.0
Polearms       | 8 9 10 12 14 | 14.0
Hexes          | 5 8 |  8.0
Evocations     | 7 10 | 10.0
Summonings     | 3 7 |  7.0
Dodging        | 12 | 12.3
Stealth        | |  1.7

Action                     |  1- 3 |  4- 6 |  7- 9 | 10-12 | 13-15 | 16-18 | 19-21 | 22-24 | 25-27 || total
---------------------------+-------+-------+-------+-------+-------+-------+-------+-------+-------++-------
  Melee: Unarmed           |     2 |       |       |       |       |       |       |       |       ||     2
         Tailslap          |     2 |     6 |    11 |    23 |    30 |    79 |   237 |   170 |   217 ||   775
         Dagger            |     4 |    24 |    55 |   129 |   109 |       |       |       |       ||   321
         Trishula          |       |       |       |       |    47 |   598 |  1015 |   718 |  1047 ||  3425
         Falchion          |       |       |       |       |       |     1 |     3 |       |     6 ||    10
   Cast: Sting             |    46 |    53 |    26 |     4 |     1 |       |     1 |       |       ||   131
         Mercury Vapours   |     1 |    21 |     4 |     7 |       |       |       |       |       ||    33
         Olgreb's Toxic Ra |       |     1 |    35 |   112 |    91 |   247 |   189 |   202 |    39 ||   916
         Mephitic Cloud    |       |     1 |       |     4 |       |       |     1 |       |       ||     6
         Sticky Flame      |       |       |     6 |    39 |    76 |   118 |   113 |    99 |   110 ||   561
         Borgnjor's Vile C |       |       |       |     2 |    19 |    15 |     8 |    19 |     8 ||    71
         Ignite Poison     |       |       |       |       |    29 |   129 |   105 |   101 |    20 ||   384
         Lee's Rapid Decon |       |       |       |       |     4 |    51 |   112 |    48 |    22 ||   237
         Starburst         |       |       |       |       |       |    31 |    61 |    50 |    10 ||   152
         Yara's Violent Un |       |       |       |       |       |       |    14 |    19 |    20 ||    53
         Ignition          |       |       |       |       |       |       |     2 |    83 |   143 ||   228
         Bombard           |       |       |       |       |       |       |       |    45 |    76 ||   121
         Fire Storm        |       |       |       |       |       |       |       |       |   109 ||   109
         Lehudib's Crystal |       |       |       |       |       |       |       |       |    65 ||    65
         Spellforged Servi |       |       |       |       |       |       |       |       |    39 ||    39
 Invoke: Grow Ballistomyce |       |       |       |     1 |       |     1 |     1 |       |       ||     3
         Grow Oklob        |       |       |       |       |     3 |     5 |     7 |     2 |     4 ||    21
         Overgrow          |       |       |       |       |       |     1 |       |       |       ||     1
Ability: Breathe Fire      |       |       |    33 |    38 |    50 |    71 |    49 |    27 |    24 ||   292
  Evoke: Wand              |       |    14 |       |    14 |     3 |     8 |     2 |     4 |    15 ||    60
         Phantom mirror    |       |       |       |       |       |     1 |       |     2 |     1 ||     4
         Tin of tremorston |       |       |       |       |       |     1 |       |     1 |     2 ||     4
         Lightning rod     |       |       |       |       |       |       |       |       |     2 ||     2
    Use: Scroll            |     3 |     2 |     6 |     4 |     9 |    12 |     4 |     6 |    24 ||    70
         Potion            |       |     2 |       |     4 |     5 |     9 |     8 |     6 |    24 ||    58
   Stab: Sleeping          |       |       |       |       |     1 |     3 |     8 |     1 |     2 ||    15
         Distracted        |       |       |       |       |       |     2 |     7 |     1 |     7 ||    17
         Confused          |       |       |       |       |       |       |     1 |       |       ||     1
 Armour: Skin              |     5 |    44 |    80 |   162 |   293 |   777 |   788 |   580 |   778 ||  3507
  Dodge: Dodged            |     5 |    53 |    34 |    96 |   161 |   329 |   346 |   151 |   288 ||  1463
  Block: Buckler           |       |       |    19 |    61 |    70 |       |       |       |       ||   150
         Kite shield       |       |       |       |       |    40 |   729 |   664 |   423 |   725 ||  2581

Table legend: (Time is in decaauts)
 A = Elapsed time spent in this place.
 B = Non-inter-level travel time spent in this place.
 C = Inter-level travel time spent in this place.
 D = Time resting spent in this place.
 E = Time spent auto-exploring this place.
 F = Levels seen in this place.
 G = Mean time per level.
                   A        B        C        D        E       F      G
               +--------+--------+--------+--------+--------+-----+--------+
         Total | 107766 | 100190 |   7576 |  21512 |  60974 |  61 | 1766.7 |
       Dungeon |  21347 |  19101 |   2246 |   1971 |  14223 |  15 | 1423.1 |
        Temple |     36 |      2 |     34 |      0 |      0 |   1 |   36.0 |
          Lair |   8055 |   7114 |    941 |    618 |   5190 |   5 | 1611.0 |
        Shoals |   6881 |   6696 |    185 |   1149 |   4469 |   4 | 1720.2 |
     Snake Pit |   8610 |   8339 |    271 |   2720 |   4307 |   4 | 2152.5 |
    Slime Pits |   2086 |   2001 |     85 |   1001 |    482 |   5 |  417.2 |
  Orcish Mines |   1931 |   1591 |    340 |    245 |   1018 |   2 |  965.5 |
   Elven Halls |   6119 |   5671 |    448 |    781 |   3906 |   3 | 2039.7 |
        Vaults |  15099 |  14059 |   1040 |   3353 |   8203 |   5 | 3019.8 |
         Crypt |   5428 |   5205 |    223 |   1308 |   2775 |   3 | 1809.3 |
        Depths |  11167 |  10271 |    896 |   2487 |   6075 |   4 | 2791.8 |
           Zot |  14382 |  13519 |    863 |   3842 |   7653 |   5 | 2876.4 |
        Bailey |    868 |    868 |      0 |    142 |    533 |   1 |  868.0 |
      Ice Cave |    500 |    500 |      0 |    179 |     99 |   1 |  500.0 |
        Wizlab |   1824 |   1824 |      0 |    787 |    560 |   1 | 1824.0 |
    Desolation |   2821 |   2821 |      0 |    708 |   1238 |   1 | 2821.0 |
      Gauntlet |    605 |    605 |      0 |    218 |    239 |   1 |  605.0 |
               +--------+--------+--------+--------+--------+-----+--------+

Top non-repeatable levels by time:
   Zot:5: 4773 daAuts
Vaults:4: 4309 daAuts
Depths:3: 3768 daAuts
Vaults:3: 3193 daAuts
Depths:2: 2963 daAuts
Vaults:2: 2868 daAuts
   Zot:3: 2835 daAuts
Desolation: 2821 daAuts
   Zot:4: 2807 daAuts
 Snake:2: 2719 daAuts
Depths:4: 2642 daAuts
   Elf:1: 2573 daAuts
Vaults:1: 2482 daAuts
    D:10: 2447 daAuts
 Snake:1: 2444 daAuts
